Comets vs Wolfpack
Created - June 6, 2022 at 19:01
Goals
|
Comets |
2 |
1 |
1 |
4 |
Wolfpack |
4 |
6 |
0 |
10 |
|
Shots
|
Comets |
13 |
8 |
10 |
31 |
Wolfpack |
11 |
15 |
9 |
35 |
|
1st period
1. Wolfpack , Kevin Roy 9 (Vince Dunn 25, Ryan Dzingel 27) at 0:50
2. Comets , Nathan Gerbe 12 (Taylor Beck 55, Dennis Everberg 52) at 1:13
3. Wolfpack , Dave Dziurzynski 27 (Stefan Noesen 58, Joshua Jacobs 2) at 9:51
4. Wolfpack , Dave Dziurzynski 28 (Stefan Noesen 59, Henrik Samuelsson 56) at 12:01 (PP)
5. Wolfpack , Ryan Dzingel 29 (Seth Griffith 15, Joshua Jacobs 3) at 14:18
6. Comets , Andrej Nestrasil 30 (Phil Di Giuseppe 15) at 17:31
Penalties :
Steven Santini (Har) for Hooking (Minor) at 2:44, Juho Lammikko (Uti) for Hooking (Minor) at 11:55
2nd period
7. Wolfpack , Dave Dziurzynski 29 (Stefan Noesen 60, Henrik Samuelsson 57) at 0:53
8. Wolfpack , Henrik Samuelsson 28 (Stefan Noesen 61, Dave Dziurzynski 51) at 1:13 (PP)
9. Wolfpack , David Pope 28 (Henrik Samuelsson 58) at 2:19 (SH)
10. Wolfpack , David Pope 29 (Kevin Roy 14) at 11:41
11. Comets , Juho Lammikko 15 (Nicolas Petan 22, Dennis Everberg 53) at 13:58
12. Wolfpack , David Pope 30 (Sebastian Collberg 36) at 14:32
13. Wolfpack , Kevin Roy 10 (David Pope 28) at 17:27
Penalties :
Nathan Gerbe (Uti) for Hooking (Minor) at 1:04, Dave Dziurzynski (Har) for Goalie Interference (Minor) at 1:41, Vince Dunn (Har) for Fighting (Major) at 14:43, Juuso Riikola (Uti) for Fighting (Major) at 14:43
3rd period
14. Comets , Oliver Kylington 3 (Sami Niku 10) at 8:11
Penalties :
Steven Santini (Har) for Fighting (Major) at 4:38, Kurtis Macdermid (Uti) for Fighting (Major) at 4:38, Will Borgen (Har) for Hooking (Minor) at 6:07, Ryan Dzingel (Har) for Hooking (Minor) at 9:49, Jordan Gross (Uti) for Roughing (Minor) at 15:29
Goalie Stats
Marek Langhamer (Uti), 6 saves from 10 shots - (0.600), L, 0-2-0, 17:23 minutes
Thatcher Demko (Uti), 19 saves from 25 shots - (0.760), 42:37 minutes
Samuel Montembeault (Har), 27 saves from 31 shots - (0.871), W, 24-16-2, 60:00 minutes
Players Stats for Comets
Player Name G A P +/- PIM S H SB GA TA FO MP PP MP PK MP
------------------------------------------------------------------------------------
Andrej Nestrasil 1 0 1 1 0 3 1 0 1 1 4/8 17:17 3:50 0:30
Anton Karlsson 0 0 0 1 0 0 0 0 0 0 0/0 0:39 0:01 0:33
Anton Zlobin 0 0 0 1 0 1 1 0 1 1 1/1 8:29 0:01 0:00
Axel Holmstrom 0 0 0 0 0 2 0 0 0 0 0/4 8:23 0:00 0:00
Dennis Everberg 0 2 2 -4 0 4 1 0 2 0 3/7 22:06 4:05 1:13
Jordan Gross 0 0 0 1 2 0 1 0 0 1 0/0 12:54 0:00 0:00
Joshua Leivo 0 0 0 1 0 3 2 0 0 1 1/1 16:47 3:50 0:00
Juho Lammikko 1 0 1 -2 2 2 1 1 0 1 0/0 11:14 0:00 0:00
Juuso Riikola 0 0 0 -3 5 2 1 3 1 1 0/0 25:17 5:53 1:10
Kurtis Macdermid 0 0 0 0 5 0 2 0 0 0 0/0 8:19 0:00 0:00
Mackenzie MacEachern 0 0 0 -2 0 2 3 0 1 0 0/0 11:15 0:00 0:00
Nathan Gerbe 1 0 1 -4 2 3 2 2 1 0 14/32 21:19 4:05 0:27
Nicolas Petan 0 1 1 -2 0 1 0 0 0 0 0/5 11:15 0:00 0:00
Oliver Kylington 1 0 1 -1 0 1 1 0 0 0 0/0 19:44 2:03 1:04
Oskar Steen 0 0 0 0 0 0 0 0 0 0 0/0 0:00 0:00 0:00
Patrick Wey 0 0 0 -4 0 1 0 2 0 1 0/0 28:01 5:53 1:10
Phil Di Giuseppe 0 1 1 1 0 2 0 0 0 0 0/2 16:47 3:50 0:00
Rasmus Asplund 0 0 0 0 0 0 0 0 0 0 0/0 0:00 0:00 0:00
Sami Niku 0 1 1 -1 0 2 0 2 1 0 0/0 19:44 2:03 1:04
Taylor Beck 0 1 1 -4 0 2 0 1 0 0 1/1 22:29 4:05 1:14
Taylor Leier 0 0 0 0 0 0 0 0 0 0 0/0 0:00 0:00 0:00
Thomas DiPauli 0 0 0 0 0 0 0 0 0 0 0/0 0:00 0:00 0:00
Tyler Graovac 0 0 0 1 0 0 0 0 0 0 0/0 0:09 0:01 0:00
William Lagesson 0 0 0 0 0 0 0 1 0 0 0/0 14:40 0:00 0:00
William Lockwood 0 0 0 0 0 0 0 0 0 0 0/0 0:53 0:00 0:31
Players Stats for Wolfpack
Player Name G A P +/- PIM S H SB GA TA FO MP PP MP PK MP
------------------------------------------------------------------------------------
Adam Lowry 0 0 0 0 0 0 1 0 0 0 4/4 6:38 0:00 0:11
Alex Barre-Boulet 0 0 0 -1 0 0 0 0 0 0 0/0 3:26 0:00 2:22
Alexander Barabanov 0 0 0 0 0 0 0 0 0 0 0/1 5:40 0:00 0:00
Andrew Peeke 0 0 0 0 0 0 0 0 0 0 0/0 5:42 0:00 0:20
Connor Chatam 0 0 0 2 0 0 0 0 0 0 0/0 12:17 0:00 0:00
Dave Dziurzynski 3 1 4 2 2 9 3 0 1 1 1/3 21:22 1:14 3:26
David Pope 3 1 4 3 0 5 2 0 1 0 0/0 14:25 0:00 1:19
Derrick Pouliot 0 0 0 3 0 2 0 1 0 1 0/0 26:05 1:24 5:18
Dryden Hunt 0 0 0 1 0 0 0 0 0 0 0/0 3:10 0:00 0:06
Henrik Samuelsson 1 3 4 1 0 4 2 0 0 1 20/32 25:52 1:14 5:14
Jake Marchment 0 0 0 0 0 0 0 0 0 0 0/0 0:00 0:00 0:00
Joel Kiviranta 0 0 0 0 0 0 0 0 0 0 0/0 0:00 0:00 0:00
Joshua Jacobs 0 2 2 2 0 0 0 1 0 1 0/0 13:27 0:00 1:20
Kevin Roy 2 1 3 2 0 3 2 0 1 0 2/4 12:17 0:00 0:00
Mikhail Sergachev 0 0 0 -1 0 0 0 0 0 0 0/0 18:38 0:50 2:38
Ryan Culkin 0 0 0 2 0 0 2 1 1 0 0/0 12:52 0:00 0:00
Ryan Dzingel 1 1 2 0 2 2 4 0 0 1 1/1 16:33 1:00 1:18
Sebastian Collberg 0 1 1 0 0 2 3 0 0 0 0/0 15:06 1:00 0:00
Seth Griffith 0 1 1 0 0 2 2 0 2 1 9/14 15:06 1:00 0:00
Stefan Noesen 0 4 4 2 0 6 4 0 1 0 0/2 19:16 1:14 1:56
Steven Santini 0 0 0 -1 7 0 1 1 0 1 0/0 15:30 0:50 0:58
Vince Dunn 0 1 1 3 5 0 1 1 0 1 0/0 23:10 1:24 5:18
Will Borgen 0 0 0 -1 2 0 0 0 0 0 0/0 5:26 0:00 0:00
Yegor Korshkov 0 0 0 0 0 0 0 0 0 0 0/0 0:00 0:00 0:00
3 Stars
1 - David Pope (Har)
2 - Dave Dziurzynski (Har)
3 - Kevin Roy (Har)
Power Play
Comets - 0 on 4 Attempt(s) - 0.00%
Wolfpack - 2 on 3 Attempt(s) - 66.67%
Penalty Kill
Comets - 1 on 3 Attempt(s) - 33.33%
- Score 0 goal in Penalty Kill
Wolfpack - 4 on 4 Attempt(s) - 100.00%
- Score 1 goal in Penalty Kill
Team Stat
Comets - Hits : 16 - Faceoff Wins : 24 - Blocked Shots : 12 - Penalty Minutes : 16
Wolfpack - Hits : 27 - Faceoff Wins : 37 - Blocked Shots : 5 - Penalty Minutes : 18
Official
Referees : Chris Schlenker and Kevin Pollock
Linesman : Devin Berg and Libor Suchanek
Game Notes
Marek Langhamer enters game at 14:18 of 1st period
Dave Dziurzynski has scored a Hat Trick!
Thatcher Demko enters game at 11:41 of 2nd period
David Pope has scored a Hat Trick!
Vince Dunn and Juuso Riikola fight to a draw at 14:43 of 2nd period
Steven Santini and Kurtis Macdermid fight to a draw at 4:38 of 3rd period
Finance
Level 1 -- Attendance: 1972 (98.60%) -- Ticket Income $69,020
Level 2 -- Attendance: 875 (87.50%) -- Ticket Income $13,125
Total Attendance: 2847 (94.90%)
Total Ticket Income: $82,145
Other Income: $4,107
Total Income: $86,252
Comets
5 vs 5 Forward
Center Left Wing Right Wing Time % Phy DF OF
1 Nathan Gerbe Taylor Beck Dennis Everberg 40 1 2 2
2 Andrej Nestrasil Phil Di Giuseppe Joshua Leivo 30 1 2 2
3 Nicolas Petan Mackenzie MacEachern Juho Lammikko 20 1 2 2
4 Axel Holmstrom Kurtis Macdermid Anton Zlobin 10 1 2 2
5 vs 5 Defense
Defense Defense Time % Phy DF OF
1 Patrick Wey Juuso Riikola 40 1 2 2
2 Oliver Kylington Sami Niku 30 1 2 2
3 William Lagesson Jordan Gross 20 1 2 2
4 Patrick Wey Juuso Riikola 10 1 2 2
PowerPlay Forward
Center Left Wing Right Wing Time % Phy DF OF
1 Nathan Gerbe Taylor Beck Dennis Everberg 60 1 2 2
2 Andrej Nestrasil Phil Di Giuseppe Joshua Leivo 40 1 2 2
PowerPlay Defense
Defense Defense Time % Phy DF OF
1 Patrick Wey Juuso Riikola 60 1 2 2
2 Oliver Kylington Sami Niku 40 1 2 2
Penalty Kill 4 Players Forward
Center Wing Time % Phy DF OF
1 Dennis Everberg Taylor Beck 60 1 2 2
2 Nathan Gerbe Andrej Nestrasil 40 1 2 2
Penalty Kill 4 Players Defense
Defense Defense Time % Phy DF OF
1 Patrick Wey Juuso Riikola 60 1 2 2
2 Oliver Kylington Sami Niku 40 1 2 2
Penalty Kill - 3 Players Forward
Forward Time % Phy DF OF
1 Dennis Everberg 60 1 2 2
2 Taylor Beck 40 1 2 2
Penalty Kill - 3 Players Defense
Defense Defense Time % Phy DF OF
1 Patrick Wey Juuso Riikola 60 1 2 2
2 Oliver Kylington Sami Niku 40 1 2 2
4 vs 4 Forward
Center Wing Time % Phy DF OF
1 Dennis Everberg Taylor Beck 60 1 2 2
2 Nathan Gerbe Andrej Nestrasil 40 1 2 2
4 vs 4 Defense
Defense Defense Time % Phy DF OF
1 Patrick Wey Juuso Riikola 60 1 2 2
2 Oliver Kylington Sami Niku 40 1 2 2
Last Minutes Offensive
Center Left Wing Right Wing Defense Defense
Nathan Gerbe Taylor Beck Dennis Everberg Patrick Wey Juuso Riikola
Last Minutes Defensive
Center Left Wing Right Wing Defense Defense
Nathan Gerbe Taylor Beck Dennis Everberg Patrick Wey Juuso Riikola
Goaltenders
Starting : Thatcher Demko
Backup : Marek Langhamer
Extra Forwards
Normal : Tyler Graovac, Anton Karlsson, William Lockwood - PP : Tyler Graovac, Anton Karlsson - PK : William Lockwood
Extra Defensemen
Normal : William Lagesson, Jordan Gross, Oliver Kylington - PP : William Lagesson - PK : Jordan Gross, Oliver Kylington
Penalty Shots
Dennis Everberg, Taylor Beck, Nathan Gerbe, Andrej Nestrasil, Joshua Leivo
Scratches
Jeremy Roy (Healthy), Dan Renouf (Broken Bone (Right Arm) Injury), Dmitry Sokolov (Healthy), Alexandar Georgiev (Exhaustion)
Wolfpack
5 vs 5 Forward
Center Left Wing Right Wing Time % Phy DF OF
1 Henrik Samuelsson Dave Dziurzynski Stefan Noesen 40 1 2 2
2 Seth Griffith Ryan Dzingel Sebastian Collberg 30 1 2 2
3 Kevin Roy David Pope Connor Chatam 20 1 2 2
4 Adam Lowry Alexander Barabanov Henrik Samuelsson 10 1 2 2
5 vs 5 Defense
Defense Defense Time % Phy DF OF
1 Derrick Pouliot Vince Dunn 40 1 2 2
2 Steven Santini Mikhail Sergachev 30 1 2 2
3 Ryan Culkin Joshua Jacobs 20 1 2 2
4 Andrew Peeke Will Borgen 10 1 2 2
PowerPlay Forward
Center Left Wing Right Wing Time % Phy DF OF
1 Henrik Samuelsson Dave Dziurzynski Stefan Noesen 60 1 2 2
2 Seth Griffith Ryan Dzingel Sebastian Collberg 40 1 2 2
PowerPlay Defense
Defense Defense Time % Phy DF OF
1 Derrick Pouliot Vince Dunn 60 1 2 2
2 Steven Santini Mikhail Sergachev 40 1 2 2
Penalty Kill 4 Players Forward
Center Wing Time % Phy DF OF
1 Henrik Samuelsson Dave Dziurzynski 60 1 2 2
2 Stefan Noesen Ryan Dzingel 40 1 2 2
Penalty Kill 4 Players Defense
Defense Defense Time % Phy DF OF
1 Derrick Pouliot Vince Dunn 60 1 2 2
2 Steven Santini Mikhail Sergachev 40 1 2 2
Penalty Kill - 3 Players Forward
Forward Time % Phy DF OF
1 Henrik Samuelsson 60 1 2 2
2 Dave Dziurzynski 40 1 2 2
Penalty Kill - 3 Players Defense
Defense Defense Time % Phy DF OF
1 Derrick Pouliot Vince Dunn 60 1 2 2
2 Steven Santini Mikhail Sergachev 40 1 2 2
4 vs 4 Forward
Center Wing Time % Phy DF OF
1 Henrik Samuelsson Dave Dziurzynski 60 1 2 2
2 Stefan Noesen Ryan Dzingel 40 1 2 2
4 vs 4 Defense
Defense Defense Time % Phy DF OF
1 Derrick Pouliot Vince Dunn 60 1 2 2
2 Steven Santini Mikhail Sergachev 40 1 2 2
Last Minutes Offensive
Center Left Wing Right Wing Defense Defense
Henrik Samuelsson Dave Dziurzynski Stefan Noesen Derrick Pouliot Vince Dunn
Last Minutes Defensive
Center Left Wing Right Wing Defense Defense
Henrik Samuelsson Dave Dziurzynski Stefan Noesen Derrick Pouliot Vince Dunn
Goaltenders
Starting : Samuel Montembeault
Backup : Mike Condon
Extra Forwards
Normal : Dryden Hunt, Jake Marchment, Alex Barre-Boulet - PP : Dryden Hunt, Jake Marchment - PK : Alex Barre-Boulet
Extra Defensemen
Normal : Ryan Culkin, Joshua Jacobs, Andrew Peeke - PP : Ryan Culkin - PK : Joshua Jacobs, Andrew Peeke
Penalty Shots
Henrik Samuelsson, Dave Dziurzynski, Stefan Noesen, Ryan Dzingel, Seth Griffith
Scratches
Colton White (Bruised Left Shoulder Injury), Jacob Middleton (Healthy), Keegan Kolesar (Healthy), Mikhail Vorobyev (Healthy), Samuel Blais (Suspend)
Dante Fabbro (Healthy), Jeffrey Viel (Healthy), Jake Paterson (Healthy)
% Time on Ice - Comets
Lines # - Real PCT - Wanted PCT - Time Play
Normal Forward
1 - 35% - 40% - 17:15
2 - 26% - 30% - 12:57
3 - 23% - 20% - 11:15
4 - 17% - 10% - 8:23
Normal Defense
1 - 36% - 40% - 18:10
2 - 32% - 30% - 15:56
3 - 25% - 20% - 12:15
4 - 7% - 10% - 3:29
PP Forward
1 - 52% - 60% - 4:06
2 - 48% - 40% - 3:50
PP Defense
1 - 74% - 60% - 5:53
2 - 26% - 40% - 2:03
PK Forward
1 - 80% - 60% - 1:47
2 - 20% - 40% - 0:27
PK Defense
1 - 53% - 60% - 1:11
2 - 47% - 40% - 1:03
PK3 Forward
1 - 0% - 60%
2 - 0% - 40%
PK3 Defense
1 - 0% - 60%
2 - 0% - 40%
44 Forward
1 - 0% - 60%
2 - 0% - 40%
44 Defense
1 - 0% - 60%
2 - 0% - 40%
Last Minute Offensive - 0:00
Last Minute Defensive - 0:00
Total
Forward - 60:00
Defense - 60:00
|
% Time on Ice - Wolfpack
Lines # - Real PCT - Wanted PCT - Time Play
Normal Forward
1 - 35% - 40% - 17:37
2 - 29% - 30% - 14:16
3 - 25% - 20% - 12:17
4 - 11% - 10% - 5:40
Normal Defense
1 - 38% - 40% - 18:59
2 - 30% - 30% - 15:10
3 - 21% - 20% - 10:19
4 - 11% - 10% - 5:22
PP Forward
1 - 55% - 60% - 1:14
2 - 45% - 40% - 1:00
PP Defense
1 - 63% - 60% - 1:24
2 - 37% - 40% - 0:50
PK Forward
1 - 76% - 60% - 6:00
2 - 24% - 40% - 1:56
PK Defense
1 - 67% - 60% - 5:18
2 - 33% - 40% - 2:38
PK3 Forward
1 - 0% - 60%
2 - 0% - 40%
PK3 Defense
1 - 0% - 60%
2 - 0% - 40%
44 Forward
1 - 0% - 60%
2 - 0% - 40%
44 Defense
1 - 0% - 60%
2 - 0% - 40%
Last Minute Offensive - 0:00
Last Minute Defensive - 0:00
Total
Forward - 60:00
Defense - 60:00
|
Play-by-Play
1st period
0:01 of 1st period - Henrik Samuelsson wins face-off versus Nathan Gerbe in neutral zone.
0:11 of 1st period - Vince Dunn is hit by Dennis Everberg and loses puck.
0:48 of 1st period - Snap shot by Kevin Roy.
0:48 of 1st period - Stopped by Thatcher Demko with a rebound.
0:50 of 1st period - Snap shot by Kevin Roy.
0:50 of 1st period - Goal by Kevin Roy - Comets : 0 - Wolfpack : 1.
0:51 of 1st period - Adam Lowry wins face-off versus Axel Holmstrom in neutral zone.
1:01 of 1st period - Snap shot by Jordan Gross.
1:01 of 1st period - Shot Misses the Net.
1:05 of 1st period - Wrist shot by Anton Zlobin.
1:05 of 1st period - Deflect By Axel Holmstrom.
1:05 of 1st period - Shot Misses the Net.
1:05 of 1st period - Puck is out of play.
1:06 of 1st period - Kevin Roy wins face-off versus Nathan Gerbe in Wolfpack zone.
1:13 of 1st period - Snap shot by Nathan Gerbe.
1:13 of 1st period - Goal by Nathan Gerbe - Comets : 1 - Wolfpack : 1.
1:14 of 1st period - Henrik Samuelsson wins face-off versus Nicolas Petan in neutral zone.
1:19 of 1st period - Snap shot by Stefan Noesen.
1:19 of 1st period - Shot Misses the Net.
1:21 of 1st period - Slapshot by Henrik Samuelsson.
1:21 of 1st period - Stopped by Thatcher Demko with a rebound.
1:23 of 1st period - Slapshot by Dave Dziurzynski.
1:23 of 1st period - Stopped by Thatcher Demko without a rebound.
1:24 of 1st period - Henrik Samuelsson wins face-off versus Nicolas Petan in Comets zone.
1:39 of 1st period - Snap shot by Dave Dziurzynski.
1:39 of 1st period - Shot Blocked by Juuso Riikola.
1:41 of 1st period - Wrist shot by Henrik Samuelsson.
1:41 of 1st period - Shot Blocked by Juho Lammikko.
1:43 of 1st period - Slapshot by Andrew Peeke.
1:43 of 1st period - Shot Misses the Net.
1:57 of 1st period - Slapshot by Henrik Samuelsson.
1:57 of 1st period - Shot Misses the Net.
2:03 of 1st period - Snap shot by Henrik Samuelsson.
2:03 of 1st period - Stopped by Thatcher Demko without a rebound.
2:04 of 1st period - Seth Griffith wins face-off versus Nathan Gerbe in Comets zone.
2:44 of 1st period - Minor Penalty to Steven Santini for Hooking.
2:45 of 1st period - Henrik Samuelsson wins face-off versus Nathan Gerbe in Wolfpack zone.
3:27 of 1st period - Off-side.
3:28 of 1st period - Nathan Gerbe wins face-off versus Stefan Noesen in neutral zone.
4:02 of 1st period - Wrist shot by Phil Di Giuseppe.
4:02 of 1st period - Stopped by Samuel Montembeault with a rebound.
4:44 of 1st period - Penalty to Steven Santini is over, Steven Santini is back on ice.
6:51 of 1st period - Snap shot by Axel Holmstrom.
6:51 of 1st period - Shot Misses the Net.
7:01 of 1st period - Wrist shot by David Pope.
7:01 of 1st period - Shot Misses the Net.
7:05 of 1st period - Wrist shot by David Pope.
7:05 of 1st period - Shot Blocked by Nathan Gerbe.
7:19 of 1st period - Slapshot by Mackenzie MacEachern.
7:19 of 1st period - Stopped by Samuel Montembeault with a rebound.
7:21 of 1st period - Wrist shot by William Lagesson.
7:21 of 1st period - Shot Misses the Net.
7:54 of 1st period - Snap shot by Taylor Beck.
7:54 of 1st period - Shot Misses the Net.
8:43 of 1st period - Will Borgen is hit by Joshua Leivo and loses puck.
9:05 of 1st period - Nathan Gerbe is hit by Stefan Noesen and loses puck.
9:24 of 1st period - Steven Santini is hit by Juho Lammikko and loses puck.
9:31 of 1st period - Mackenzie MacEachern is hit by Ryan Culkin and loses puck.
9:42 of 1st period - Nicolas Petan is hit by Vince Dunn and loses puck.
9:51 of 1st period - Slapshot by Dave Dziurzynski.
9:51 of 1st period - Goal by Dave Dziurzynski - Comets : 1 - Wolfpack : 2.
9:52 of 1st period - Seth Griffith wins face-off versus Nathan Gerbe in neutral zone.
10:18 of 1st period - Phil Di Giuseppe is hit by Adam Lowry and loses puck.
10:34 of 1st period - William Lagesson is hit by Henrik Samuelsson and loses puck.
11:13 of 1st period - Wrist shot by Seth Griffith.
11:13 of 1st period - Stopped by Thatcher Demko with a rebound.
11:29 of 1st period - Wrist shot by Henrik Samuelsson.
11:29 of 1st period - Shot Misses the Net.
11:41 of 1st period - Jordan Gross is hit by David Pope.
11:55 of 1st period - Minor Penalty to Juho Lammikko for Hooking.
11:56 of 1st period - Henrik Samuelsson wins face-off versus Dennis Everberg in Comets zone.
12:01 of 1st period - Snap shot by Dave Dziurzynski.
12:01 of 1st period - Goal by Dave Dziurzynski - Comets : 1 - Wolfpack : 3.
12:02 of 1st period - Seth Griffith wins face-off versus Nathan Gerbe in neutral zone.
12:11 of 1st period - Snap shot by Dennis Everberg.
12:11 of 1st period - Shot Misses the Net.
12:29 of 1st period - Patrick Wey is hit by Dave Dziurzynski and loses puck.
12:35 of 1st period - Off-side.
12:36 of 1st period - Seth Griffith wins face-off versus Phil Di Giuseppe in neutral zone.
12:45 of 1st period - Slapshot by Ryan Dzingel.
12:45 of 1st period - Stopped by Thatcher Demko without a rebound.
12:46 of 1st period - Ryan Dzingel wins face-off versus Phil Di Giuseppe in Comets zone.
13:01 of 1st period - Snap shot by Andrej Nestrasil.
13:01 of 1st period - Shot Misses the Net.
13:03 of 1st period - Slapshot by Juuso Riikola.
13:03 of 1st period - Stopped by Samuel Montembeault with a rebound.
13:05 of 1st period - Slapshot by Phil Di Giuseppe.
13:05 of 1st period - Stopped by Samuel Montembeault without a rebound.
13:06 of 1st period - Henrik Samuelsson wins face-off versus Nathan Gerbe in Wolfpack zone.
13:31 of 1st period - Vince Dunn is hit by Anton Zlobin and loses puck.
14:00 of 1st period - Slapshot by Joshua Leivo.
14:00 of 1st period - Stopped by Samuel Montembeault with a rebound.
14:02 of 1st period - Slapshot by Andrej Nestrasil.
14:02 of 1st period - Shot Misses the Net.
14:04 of 1st period - Slapshot by Patrick Wey.
14:04 of 1st period - Shot Blocked by Joshua Jacobs.
14:18 of 1st period - Wrist shot by Ryan Dzingel.
14:18 of 1st period - Goal by Ryan Dzingel - Comets : 1 - Wolfpack : 4.
14:18 of 1st period - Marek Langhamer enters game.
14:19 of 1st period - Nathan Gerbe wins face-off versus Seth Griffith in neutral zone.
15:25 of 1st period - Axel Holmstrom is hit by Ryan Dzingel and loses puck.
15:32 of 1st period - Steven Santini is hit by Kurtis Macdermid and loses puck.
15:43 of 1st period - Wrist shot by Taylor Beck.
15:43 of 1st period - Shot Misses the Net.
15:45 of 1st period - Snap shot by Taylor Beck.
15:45 of 1st period - Shot Misses the Net.
15:47 of 1st period - Snap shot by Dennis Everberg.
15:47 of 1st period - Stopped by Samuel Montembeault with a rebound.
15:51 of 1st period - Snap shot by Nathan Gerbe.
15:51 of 1st period - Stopped by Samuel Montembeault with a rebound.
15:53 of 1st period - Snap shot by Taylor Beck.
15:53 of 1st period - Stopped by Samuel Montembeault without a rebound.
15:54 of 1st period - Andrej Nestrasil wins face-off versus Henrik Samuelsson in Wolfpack zone.
16:44 of 1st period - Henrik Samuelsson is hit by Mackenzie MacEachern and loses puck.
16:49 of 1st period - Wrist shot by Nicolas Petan.
16:49 of 1st period - Stopped by Samuel Montembeault with a rebound.
17:05 of 1st period - Snap shot by Ryan Dzingel.
17:05 of 1st period - Shot Blocked by Patrick Wey.
17:07 of 1st period - Slapshot by Vince Dunn.
17:07 of 1st period - Shot Blocked by Juuso Riikola.
17:09 of 1st period - Slapshot by Derrick Pouliot.
17:09 of 1st period - Stopped by Marek Langhamer with a rebound.
17:23 of 1st period - Slapshot by Phil Di Giuseppe.
17:23 of 1st period - Shot Blocked by Ryan Culkin.
17:25 of 1st period - Wrist shot by Joshua Leivo.
17:25 of 1st period - Stopped by Samuel Montembeault without a rebound.
17:26 of 1st period - Andrej Nestrasil wins face-off versus Seth Griffith in Wolfpack zone.
17:27 of 1st period - Slapshot by Phil Di Giuseppe.
17:27 of 1st period - Shot Misses the Net.
17:29 of 1st period - Snap shot by Phil Di Giuseppe.
17:29 of 1st period - Shot Misses the Net.
17:31 of 1st period - Snap shot by Andrej Nestrasil.
17:31 of 1st period - Goal by Andrej Nestrasil - Comets : 2 - Wolfpack : 4.
17:32 of 1st period - Dennis Everberg wins face-off versus Henrik Samuelsson in neutral zone.
17:58 of 1st period - Andrej Nestrasil is hit by Seth Griffith and loses puck.
19:17 of 1st period - Stefan Noesen is hit by Andrej Nestrasil and loses puck.
19:55 of 1st period - Wrist shot by Taylor Beck.
19:55 of 1st period - Stopped by Samuel Montembeault without a rebound.
19:56 of 1st period - Nathan Gerbe wins face-off versus Kevin Roy in Wolfpack zone.
Goals for this period are 2 for Comets vs 4 for Wolfpack.
Shots for this period are 13 for Comets vs 11 for Wolfpack.
2nd period
0:01 of 2nd period - Henrik Samuelsson wins face-off versus Nathan Gerbe in neutral zone.
0:31 of 2nd period - Snap shot by Andrej Nestrasil.
0:31 of 2nd period - Deflect By Phil Di Giuseppe.
0:31 of 2nd period - Shot Misses the Net.
0:31 of 2nd period - Puck is out of play.
0:32 of 2nd period - Joshua Leivo wins face-off versus Seth Griffith in Wolfpack zone.
0:37 of 2nd period - Snap shot by Andrej Nestrasil.
0:37 of 2nd period - Stopped by Samuel Montembeault with a rebound.
0:43 of 2nd period - Wrist shot by Sebastian Collberg.
0:43 of 2nd period - Stopped by Marek Langhamer without a rebound.
0:44 of 2nd period - Nathan Gerbe wins face-off versus Henrik Samuelsson in Comets zone.
0:53 of 2nd period - Snap shot by Dave Dziurzynski.
0:53 of 2nd period - Goal by Dave Dziurzynski - Comets : 2 - Wolfpack : 5.
0:54 of 2nd period - Henrik Samuelsson wins face-off versus Dennis Everberg in neutral zone.
0:59 of 2nd period - Wrist shot by Dave Dziurzynski.
0:59 of 2nd period - Stopped by Marek Langhamer with a rebound.
1:04 of 2nd period - Minor Penalty to Nathan Gerbe for Hooking.
1:05 of 2nd period - Dave Dziurzynski wins face-off versus Dennis Everberg in Comets zone.
1:11 of 2nd period - Wrist shot by Stefan Noesen.
1:11 of 2nd period - Stopped by Marek Langhamer with a rebound.
1:13 of 2nd period - Slapshot by Henrik Samuelsson.
1:13 of 2nd period - Goal by Henrik Samuelsson - Comets : 2 - Wolfpack : 6.
1:14 of 2nd period - Taylor Beck wins face-off versus Henrik Samuelsson in neutral zone.
1:29 of 2nd period - Snap shot by Henrik Samuelsson.
1:29 of 2nd period - Shot Misses the Net.
1:41 of 2nd period - Minor Penalty to Dave Dziurzynski for Goalie Interference.
1:42 of 2nd period - Nathan Gerbe wins face-off versus Henrik Samuelsson in Wolfpack zone.
2:15 of 2nd period - Off-side.
2:16 of 2nd period - Henrik Samuelsson wins face-off versus Nathan Gerbe in neutral zone.
2:19 of 2nd period - Wrist shot by David Pope.
2:19 of 2nd period - Goal by David Pope - Comets : 2 - Wolfpack : 7.
2:20 of 2nd period - Nathan Gerbe wins face-off versus Henrik Samuelsson in neutral zone.
2:33 of 2nd period - Wrist shot by Nathan Gerbe.
2:33 of 2nd period - Stopped by Samuel Montembeault without a rebound.
2:34 of 2nd period - Henrik Samuelsson wins face-off versus Nathan Gerbe in Wolfpack zone.
2:47 of 2nd period - Snap shot by Dennis Everberg.
2:47 of 2nd period - Shot Blocked by Derrick Pouliot.
2:49 of 2nd period - Wrist shot by Juuso Riikola.
2:49 of 2nd period - Shot Misses the Net.
3:41 of 2nd period - Penalty to Dave Dziurzynski is over, Dave Dziurzynski is back on ice.
3:55 of 2nd period - Joshua Jacobs is hit by Juuso Riikola.
4:01 of 2nd period - Dave Dziurzynski is hit by Jordan Gross and loses puck.
4:16 of 2nd period - Mackenzie MacEachern is hit by Dave Dziurzynski and loses puck.
4:31 of 2nd period - Joshua Leivo is hit by Ryan Dzingel and loses puck.
4:40 of 2nd period - Wrist shot by Ryan Dzingel.
4:40 of 2nd period - Shot Misses the Net.
4:58 of 2nd period - Slapshot by Sami Niku.
4:58 of 2nd period - Shot Misses the Net.
6:07 of 2nd period - Wrist shot by Anton Zlobin.
6:07 of 2nd period - Stopped by Samuel Montembeault without a rebound.
6:08 of 2nd period - Seth Griffith wins face-off versus Axel Holmstrom in Wolfpack zone.
6:17 of 2nd period - Slapshot by Patrick Wey.
6:17 of 2nd period - Stopped by Samuel Montembeault with a rebound.
7:14 of 2nd period - Seth Griffith is hit by Mackenzie MacEachern and loses puck.
7:33 of 2nd period - Henrik Samuelsson is hit by Kurtis Macdermid and loses puck.
8:49 of 2nd period - Nathan Gerbe is hit by Kevin Roy and loses puck.
9:31 of 2nd period - Off-side.
9:32 of 2nd period - Anton Zlobin wins face-off versus Seth Griffith in neutral zone.
9:59 of 2nd period - Dennis Everberg is hit by Kevin Roy and loses puck.
10:30 of 2nd period - Snap shot by Stefan Noesen.
10:30 of 2nd period - Stopped by Marek Langhamer with a rebound.
10:32 of 2nd period - Wrist shot by Dave Dziurzynski.
10:32 of 2nd period - Stopped by Marek Langhamer with a rebound.
11:00 of 2nd period - Snap shot by Anton Zlobin.
11:00 of 2nd period - Shot Blocked by Vince Dunn.
11:02 of 2nd period - Snap shot by Axel Holmstrom.
11:02 of 2nd period - Stopped by Samuel Montembeault without a rebound.
11:03 of 2nd period - Nathan Gerbe wins face-off versus Kevin Roy in Wolfpack zone.
11:14 of 2nd period - Wrist shot by Dennis Everberg.
11:14 of 2nd period - Shot Misses the Net.
11:36 of 2nd period - Mackenzie MacEachern is hit by Ryan Culkin and loses puck.
11:41 of 2nd period - Snap shot by David Pope.
11:41 of 2nd period - Goal by David Pope - Comets : 2 - Wolfpack : 8.
11:41 of 2nd period - Thatcher Demko enters game.
11:42 of 2nd period - Nathan Gerbe wins face-off versus Dave Dziurzynski in neutral zone.
12:31 of 2nd period - Wrist shot by David Pope.
12:31 of 2nd period - Stopped by Thatcher Demko with a rebound.
13:27 of 2nd period - William Lagesson is hit by Sebastian Collberg and loses puck.
13:58 of 2nd period - Wrist shot by Juho Lammikko.
13:58 of 2nd period - Goal by Juho Lammikko - Comets : 3 - Wolfpack : 8.
13:59 of 2nd period - Henrik Samuelsson wins face-off versus Nathan Gerbe in neutral zone.
14:04 of 2nd period - Wrist shot by Stefan Noesen.
14:04 of 2nd period - Stopped by Thatcher Demko without a rebound.
14:05 of 2nd period - Henrik Samuelsson wins face-off versus Nathan Gerbe in Comets zone.
14:32 of 2nd period - Snap shot by David Pope.
14:32 of 2nd period - Goal by David Pope - Comets : 3 - Wolfpack : 9.
14:33 of 2nd period - Henrik Samuelsson wins face-off versus Nathan Gerbe in neutral zone.
14:38 of 2nd period - Slapshot by Vince Dunn.
14:38 of 2nd period - Shot Blocked by Patrick Wey.
14:40 of 2nd period - Slapshot by Vince Dunn.
14:40 of 2nd period - Shot Blocked by Nathan Gerbe.
14:42 of 2nd period - Snap shot by Stefan Noesen.
14:42 of 2nd period - Stopped by Thatcher Demko with a rebound.
14:43 of 2nd period - Vince Dunn and Juuso Riikola fight to a draw.
14:43 of 2nd period - Penalty to Vince Dunn for Fighting.
14:43 of 2nd period - Penalty to Juuso Riikola for Fighting.
14:44 of 2nd period - Nathan Gerbe wins face-off versus Henrik Samuelsson in Comets zone.
15:18 of 2nd period - Oliver Kylington is hit by Sebastian Collberg and loses puck.
15:35 of 2nd period - Snap shot by Mackenzie MacEachern.
15:35 of 2nd period - Stopped by Samuel Montembeault with a rebound.
15:55 of 2nd period - Henrik Samuelsson is hit by Nathan Gerbe and loses puck.
16:14 of 2nd period - Ryan Dzingel is hit by Oliver Kylington and loses puck.
17:25 of 2nd period - Snap shot by David Pope.
17:25 of 2nd period - Shot Blocked by William Lagesson.
17:27 of 2nd period - Snap shot by Kevin Roy.
17:27 of 2nd period - Goal by Kevin Roy - Comets : 3 - Wolfpack : 10.
17:28 of 2nd period - Nathan Gerbe wins face-off versus Henrik Samuelsson in neutral zone.
17:35 of 2nd period - Wrist shot by Dennis Everberg.
17:35 of 2nd period - Shot Misses the Net.
17:44 of 2nd period - Taylor Beck is hit by Stefan Noesen and loses puck.
17:55 of 2nd period - Ryan Dzingel is hit by Joshua Leivo and loses puck.
18:17 of 2nd period - Wrist shot by Henrik Samuelsson.
18:17 of 2nd period - Deflect By Alexander Barabanov.
18:17 of 2nd period - Shot Blocked by Sami Niku.
18:17 of 2nd period - Puck is out of play.
18:18 of 2nd period - Adam Lowry wins face-off versus Nicolas Petan in Comets zone.
18:43 of 2nd period - Taylor Beck is hit by Seth Griffith and loses puck.
19:04 of 2nd period - Slapshot by Sami Niku.
19:04 of 2nd period - Stopped by Samuel Montembeault with a rebound.
19:11 of 2nd period - Off-side.
19:12 of 2nd period - Henrik Samuelsson wins face-off versus Andrej Nestrasil in neutral zone.
19:20 of 2nd period - Wrist shot by Dave Dziurzynski.
19:20 of 2nd period - Stopped by Thatcher Demko with a rebound.
19:35 of 2nd period - Phil Di Giuseppe is hit by Dave Dziurzynski and loses puck.
19:58 of 2nd period - William Lagesson is hit by Henrik Samuelsson and loses puck.
Goals for this period are 1 for Comets vs 6 for Wolfpack.
Shots for this period are 8 for Comets vs 15 for Wolfpack.
3rd period
0:01 of 3rd period - Nathan Gerbe wins face-off versus Henrik Samuelsson in neutral zone.
0:09 of 3rd period - Icing by Stefan Noesen.
0:10 of 3rd period - Henrik Samuelsson wins face-off versus Nathan Gerbe in Wolfpack zone.
0:46 of 3rd period - Wrist shot by Stefan Noesen.
0:46 of 3rd period - Deflect By Henrik Samuelsson.
0:46 of 3rd period - Stopped by Thatcher Demko with a rebound.
0:48 of 3rd period - Slapshot by Vince Dunn.
0:48 of 3rd period - Shot Blocked by Juuso Riikola.
0:56 of 3rd period - Dennis Everberg is hit by Stefan Noesen and loses puck.
1:12 of 3rd period - Wrist shot by Nathan Gerbe.
1:12 of 3rd period - Shot Misses the Net.
1:52 of 3rd period - Wrist shot by Dave Dziurzynski.
1:52 of 3rd period - Stopped by Thatcher Demko with a rebound.
1:54 of 3rd period - Slapshot by Derrick Pouliot.
1:54 of 3rd period - Stopped by Thatcher Demko without a rebound.
1:55 of 3rd period - Seth Griffith wins face-off versus Andrej Nestrasil in Comets zone.
2:09 of 3rd period - Joshua Leivo is hit by Steven Santini and loses puck.
2:42 of 3rd period - Oliver Kylington is hit by Ryan Dzingel and loses puck.
2:51 of 3rd period - Snap shot by Axel Holmstrom.
2:51 of 3rd period - Stopped by Samuel Montembeault with a rebound.
4:32 of 3rd period - Icing by Juuso Riikola.
4:33 of 3rd period - Andrej Nestrasil wins face-off versus Alexander Barabanov in Comets zone.
4:37 of 3rd period - Off-side.
4:38 of 3rd period - Adam Lowry wins face-off versus Axel Holmstrom in neutral zone.
4:38 of 3rd period - Steven Santini and Kurtis Macdermid fight to a draw.
4:38 of 3rd period - Penalty to Steven Santini for Fighting.
4:38 of 3rd period - Penalty to Kurtis Macdermid for Fighting.
4:39 of 3rd period - Nathan Gerbe wins face-off versus Henrik Samuelsson in neutral zone.
4:46 of 3rd period - Snap shot by Dennis Everberg.
4:46 of 3rd period - Deflect By Nathan Gerbe.
4:46 of 3rd period - Shot Misses the Net.
4:46 of 3rd period - Puck is out of play.
4:47 of 3rd period - Henrik Samuelsson wins face-off versus Nathan Gerbe in Wolfpack zone.
4:47 of 3rd period - Henrik Samuelsson is hit by Nathan Gerbe.
4:55 of 3rd period - Snap shot by Stefan Noesen.
4:55 of 3rd period - Shot Misses the Net.
4:57 of 3rd period - Snap shot by Stefan Noesen.
4:57 of 3rd period - Stopped by Thatcher Demko with a rebound.
4:59 of 3rd period - Wrist shot by Stefan Noesen.
4:59 of 3rd period - Stopped by Thatcher Demko without a rebound.
5:00 of 3rd period - Henrik Samuelsson wins face-off versus Nathan Gerbe in Comets zone.
6:01 of 3rd period - Slapshot by Juho Lammikko.
6:01 of 3rd period - Stopped by Samuel Montembeault with a rebound.
6:07 of 3rd period - Minor Penalty to Will Borgen for Hooking.
6:08 of 3rd period - Henrik Samuelsson wins face-off versus Nathan Gerbe in Wolfpack zone.
8:07 of 3rd period - Penalty to Will Borgen is over, Will Borgen is back on ice.
8:11 of 3rd period - Backhand shot by Oliver Kylington.
8:11 of 3rd period - Goal by Oliver Kylington - Comets : 4 - Wolfpack : 10.
8:12 of 3rd period - Seth Griffith wins face-off versus Nicolas Petan in neutral zone.
8:15 of 3rd period - Slapshot by Ryan Culkin.
8:15 of 3rd period - Deflect By Sebastian Collberg.
8:15 of 3rd period - Stopped by Thatcher Demko without a rebound.
8:16 of 3rd period - Seth Griffith wins face-off versus Nicolas Petan in Comets zone.
8:21 of 3rd period - Slapshot by Seth Griffith.
8:21 of 3rd period - Stopped by Thatcher Demko with a rebound.
9:28 of 3rd period - Snap shot by Dennis Everberg.
9:28 of 3rd period - Stopped by Samuel Montembeault without a rebound.
9:29 of 3rd period - Andrej Nestrasil wins face-off versus Seth Griffith in Wolfpack zone.
9:32 of 3rd period - Snap shot by Phil Di Giuseppe.
9:32 of 3rd period - Deflect By Joshua Leivo.
9:32 of 3rd period - Stopped by Samuel Montembeault without a rebound.
9:33 of 3rd period - Seth Griffith wins face-off versus Andrej Nestrasil in Wolfpack zone.
9:49 of 3rd period - Minor Penalty to Ryan Dzingel for Hooking.
9:50 of 3rd period - Henrik Samuelsson wins face-off versus Nathan Gerbe in Wolfpack zone.
9:59 of 3rd period - Off-side.
10:00 of 3rd period - Nathan Gerbe wins face-off versus Dave Dziurzynski in neutral zone.
10:20 of 3rd period - Off-side.
10:21 of 3rd period - Henrik Samuelsson wins face-off versus Andrej Nestrasil in neutral zone.
10:26 of 3rd period - Slapshot by Vince Dunn.
10:26 of 3rd period - Deflect By Dave Dziurzynski.
10:26 of 3rd period - Stopped by Thatcher Demko with a rebound.
11:28 of 3rd period - Wrist shot by Andrej Nestrasil.
11:28 of 3rd period - Shot Misses the Net.
11:38 of 3rd period - Slapshot by Andrej Nestrasil.
11:38 of 3rd period - Stopped by Samuel Montembeault without a rebound.
11:39 of 3rd period - Dennis Everberg wins face-off versus Stefan Noesen in Wolfpack zone.
11:49 of 3rd period - Penalty to Ryan Dzingel is over, Ryan Dzingel is back on ice.
12:06 of 3rd period - Slapshot by David Pope.
12:06 of 3rd period - Shot Blocked by Sami Niku.
12:08 of 3rd period - Wrist shot by Connor Chatam.
12:08 of 3rd period - Deflect By David Pope.
12:08 of 3rd period - Stopped by Thatcher Demko without a rebound.
12:09 of 3rd period - Kevin Roy wins face-off versus Dennis Everberg in Comets zone.
13:14 of 3rd period - Icing by Oliver Kylington.
13:15 of 3rd period - Adam Lowry wins face-off versus Axel Holmstrom in Comets zone.
13:23 of 3rd period - Snap shot by Henrik Samuelsson.
13:23 of 3rd period - Shot Misses the Net.
13:46 of 3rd period - Snap shot by Dennis Everberg.
13:46 of 3rd period - Stopped by Samuel Montembeault with a rebound.
13:48 of 3rd period - Slapshot by Sami Niku.
13:48 of 3rd period - Stopped by Samuel Montembeault without a rebound.
13:49 of 3rd period - Nathan Gerbe wins face-off versus Henrik Samuelsson in Wolfpack zone.
13:50 of 3rd period - Snap shot by Dennis Everberg.
13:50 of 3rd period - Stopped by Samuel Montembeault with a rebound.
14:38 of 3rd period - Snap shot by Nicolas Petan.
14:38 of 3rd period - Shot Misses the Net.
14:42 of 3rd period - Slapshot by Mackenzie MacEachern.
14:42 of 3rd period - Shot Misses the Net.
14:44 of 3rd period - Wrist shot by Juho Lammikko.
14:44 of 3rd period - Shot Misses the Net.
14:46 of 3rd period - Slapshot by Mackenzie MacEachern.
14:46 of 3rd period - Shot Blocked by Steven Santini.
14:48 of 3rd period - Slapshot by Juuso Riikola.
14:48 of 3rd period - Stopped by Samuel Montembeault with a rebound.
15:29 of 3rd period - Minor Penalty to Jordan Gross for Roughing.
15:30 of 3rd period - Dennis Everberg wins face-off versus Henrik Samuelsson in Comets zone.
15:56 of 3rd period - Oliver Kylington is hit by Sebastian Collberg and loses puck.
16:57 of 3rd period - Juuso Riikola is hit by Stefan Noesen.
17:29 of 3rd period - Penalty to Jordan Gross is over, Jordan Gross is back on ice.
17:33 of 3rd period - Slapshot by Taylor Beck.
17:33 of 3rd period - Shot Misses the Net.
17:39 of 3rd period - Taylor Beck is hit by David Pope and loses puck.
17:44 of 3rd period - Wrist shot by Connor Chatam.
17:44 of 3rd period - Shot Blocked by Taylor Beck.
19:21 of 3rd period - Anton Zlobin is hit by Ryan Dzingel and loses puck.
19:34 of 3rd period - Joshua Jacobs is hit by Mackenzie MacEachern and loses puck.
Goals for this period are 1 for Comets vs 0 for Wolfpack.
Shots for this period are 10 for Comets vs 9 for Wolfpack.